 Dungeon Crawl Stone Soup version 0.31-a0-986-g5e6e4ef867 (webtiles) character file.

Game seed: 4735818699627329155

18 strifetoe the Digger (level 3, -3/26 HPs)
             Began as a Meteoran Earth Elementalist on Nov 10, 2023.
             Slain by Terence
             ... wielding a +0 heavy flail
              (5 damage)
             ... on level 3 of the Dungeon.
             The game lasted 00:01:05 (115 turns).

strifetoe the Digger (Meteoran Earth Elementalist)   Turns: 115, Time: 00:01:06

Health: -3/26      AC:  2    Str:  9    XL:     3   Next: 5%
Magic:  2/8        EV: 12    Int: 19    God:
Gold:   0          SH:  0    Dex: 14    Spells: 6/7 levels left

rFire   . . .        (no weapon)
rCold   . . .        (no shield)
rNeg    . . .        a - +0 robe
rPois   .            (no helmet)
rElec   .            (no cloak)
rCorr   .            (no gloves)
SInv    .            (no boots)
Will    .....        (no amulet)
Stlth   +            (no ring)
HPRegen 0.24/turn    (no ring)
MPRegen 0.11/turn

%: no passive effects
@: glowing
A: sense surroundings 1, otherworldly, glowing, explore regen
a: no special abilities


You were on level 3 of the Dungeon.
You visited 1 branch of the dungeon, and saw 3 of its levels.

Inventory:

Armour
 a - a +0 robe (worn)
Scrolls
 c - a scroll of vulnerability {unknown}
 d - a scroll of identify {unknown}
 e - a scroll of enchant armour {unknown}
Potions
 b - a potion of magic


   Skills:
 - Level 2.1 Dodging
 - Level 1.4 Stealth
 - Level 2.6 Spellcasting
 - Level 1.2 Transmutations
 + Level 4.7 Earth Magic


You had 6 spell levels left.
You knew the following spells:

 Your Spells              Type           Power      Damage    Failure   Level
a - Sandblast             Erth           40%        2d10      2%          1

Your spell library contained the following spells:

 Spells                   Type           Power      Damage    Failure   Level
 Passwall                 Tmut/Erth      10%        N/A       7%          2
 Stone Arrow              Conj/Erth      22%        3d8       19%         3
 Petrify                  Tmut/Erth      13%        N/A       43%         4
 Brom's Barrelling Bould  Conj/Erth      11%        2d3       52%         4


Dungeon Overview and Level Annotations

Branches:
Dungeon (3/15) Zot: 1677

Altars:

Shops:
D:1 :

Annotations:
D:3 Terence


Innate Abilities, Weirdness & Mutations

You passively map a small area around you.
You are easily found by Zot.
You glow in the dark.
You regain HP and MP as you explore.


Message History

Aiming: Sandblast (safe; 2% risk of failure)
Press: ? - help, Shift-Dir - straight line, f/p - Terence
Aim: Terence, wielding a +0 heavy flail and wearing a +0 ring mail (lightly wounded, 85% to hit)
The blast of sand hits Terence but does no damage.
Terence is lightly wounded.
Terence barely misses you.
Casting: Sandblast (safe; 2% risk of failure)
Confirm with . or Enter, or press ? or * to list all spells.
Aiming: Sandblast (safe; 2% risk of failure)
Press: ? - help, Shift-Dir - straight line, f/p - Terence
Aim: Terence, wielding a +0 heavy flail and wearing a +0 ring mail (lightly wounded, 85% to hit)
The blast of sand hits Terence but does no damage.
Terence is lightly wounded.
Terence hits you with a +0 heavy flail!
* * * LOW HITPOINT WARNING * * *
Casting: Sandblast (safe; 2% risk of failure)
Confirm with . or Enter, or press ? or * to list all spells.
Aiming: Sandblast (safe; 2% risk of failure)
Press: ? - help, Shift-Dir - straight line, f/p - Terence
Aim: Terence, wielding a +0 heavy flail and wearing a +0 ring mail (lightly wounded, 85% to hit)
The blast of sand hits Terence.
Terence is moderately wounded.
Terence barely misses you.
Casting: Sandblast (safe; 2% risk of failure)
Confirm with . or Enter, or press ? or * to list all spells.
Aiming: Sandblast (safe; 2% risk of failure)
Press: ? - help, Shift-Dir - straight line, f/p - Terence
Aim: Terence, wielding a +0 heavy flail and wearing a +0 ring mail (moderately wounded, 85% to hit)
The blast of sand hits Terence.
Terence is heavily wounded.
Terence barely misses you.
Casting: Sandblast (safe; 2% risk of failure)
Confirm with . or Enter, or press ? or * to list all spells.
Aiming: Sandblast (safe; 2% risk of failure)
Press: ? - help, Shift-Dir - straight line, f/p - Terence
Aim: Terence, wielding a +0 heavy flail and wearing a +0 ring mail (heavily wounded, 85% to hit)
The blast of sand hits Terence but does no damage.
Terence is heavily wounded.
Terence hits you with a +0 heavy flail.
You die...

.######.###.#
, ........#
.#* * ,
#####...###.#
,, #.......#
*
#...<#####.#
#.#........#
*
#....#######
#....##### *
#....@@..#
.<....#####.#
.##.#. ..,
,*#... , * ##
, ###* *, * ,
* * , ,


You could see Terence.

Vanquished Creatures
  An adder (D:2)
  A hobgoblin (D:2)
  A kobold (D:2)
  2 quokkas
  2 bats
  A rat (D:2)
8 creatures vanquished.

Notes
Turn   | Place    | Note
-------+----------+-------------------------------------------
     0 | D:1      | strifetoe the Meteoran Earth Elementalist began the quest
                  | for the Orb.
     0 | D:1      | Reached XP level 1. HP: 14/14 MP: 5/5
    24 | D:1      | Found Isivuel's Book Shop.
    24 | D:1      | Noticed a walking crystal tome
    25 | D:1      | Noticed a walking divine tome
    61 | D:2      | Reached skill level 4 in Earth Magic
    61 | D:2      | Reached XP level 2. HP: 19/20 MP: 3/6
    80 | D:2      | Reached XP level 3. HP: 25/26 MP: 6/8
   103 | D:3      | Noticed Terence
   112 | D:3      | HP: 1/26 [Terence/+0 heavy flail (9)]
   115 | D:3      | Slain by Terence

Illustrated notes

Levels and vault maps discovered:
D:1:      tarquinn_simple_flora_water_a, layout_basic, serial_shops,
          nicolae_shop_mannequins, shop, shop
D:2:      layout_loops_corners, basic_altar, serial_bayou_lake_a
D:3:      layout_loops_ring, mainiacjoe_overflow_catwalk, uniq_terence,
          uniq_jessica

Skill      XL: |  1 |
---------------+----+-----
Earth Magic    | 4 |  4.7
Dodging        | |  2.1
Stealth        | |  1.4
Spellcasting   | |  2.6
Transmutations | |  1.2

Action                     || total
---------------------------++-------
   Cast: Sandblast         ||    15
 Armour: Robe              ||     6
  Dodge: Dodged            ||     9

Table legend: (Time is in decaauts)
 A = Elapsed time spent in this place.
 B = Non-inter-level travel time spent in this place.
 C = Inter-level travel time spent in this place.
 D = Time resting spent in this place.
 E = Time spent auto-exploring this place.
 F = Levels seen in this place.
 G = Mean time per level.
                   A        B        C        D        E       F      G
               +--------+--------+--------+--------+--------+-----+--------+
         Total |    121 |    121 |      0 |      7 |     24 |   3 |   40.3 |
       Dungeon |    121 |    121 |      0 |      7 |     24 |   3 |   40.3 |
               +--------+--------+--------+--------+--------+-----+--------+

Top non-repeatable levels by time:
     D:2: 48 daAuts
     D:1: 46 daAuts
     D:3: 26 daAuts
